 Dungeon Crawl Stone Soup version 0.21.1-1-g345015fe64 (webtiles) character file.

6570 Jannitor the Basher (level 11, 0/115 HPs)
             Began as a Halfling Berserker on June 5, 2018.
             Was a High Priest of Trog.
             Killed from afar by an oklob sapling (3 damage)
             ... with a splash of acid
             ... on level 8 of the Dungeon.
             The game lasted 00:20:39 (10881 turns).

Jannitor the Basher (Halfling Berserker)           Turns: 10881, Time: 00:20:40

Health: 0/115      AC:  9    Str: 26    XL:     11   Next: 21%
Magic:  12/12      EV: 13    Int:  5    God:    Trog [*****.]
Gold:   228        SH:  3    Dex: 15    Spells: 10/10 levels left

rFire    + . .     SeeInvis .   v - +1 flail (holy)
rCold    . . .     Gourm    .   (shield restricted)
rNeg     . . .     Faith    .   D - +5 chain mail {rF+}
rPois    .         Spirit   .   (helmet restricted)
rElec    .         Reflect  +   (no cloak)
rCorr    +         Harm     .   G - +0 pair of gloves
MR       .....                  (no boots)
Stlth    ..........             A - +3 amulet of reflection
HPRegen  0.29/turn              w - ring of resist corrosion
MPRegen  0.13/turn              p - ring of stealth

@: berserking, corroded, starving, quick
A: small, horns 1, talons 1, mutation resistance 1
a: Berserk, Trog's Hand, Brothers in Arms, Burn Spellbooks, Renounce Religion


You were on level 8 of the Dungeon.
You worshipped Trog.
Trog was extremely pleased with you.
You were starving.

You visited 1 branch of the dungeon, and saw 9 of its levels.
You also visited: Bailey.

You collected 606 gold pieces.
You spent 378 gold pieces at shops.

Inventory:

Hand Weapons
 a - a +0 mace
 r - a +0 arbalest
 v - a +1 flail of holy wrath (weapon)
Missiles
 o - 180 bolts
Armour
 b - a +0 animal skin
 f - a +0 chain mail
 i - a +0 helmet
 D - a +5 chain mail of fire resistance (worn)
 G - a +0 pair of gloves (worn)
Jewellery
 m - an uncursed ring of ice
 p - a ring of stealth (right hand)
 w - a ring of resist corrosion (left hand)
 A - a +3 amulet of reflection (around neck)
 H - an uncursed amulet of rage {unknown}
Wands
 e - a wand of iceblast (10)
 B - a wand of flame (18)
 F - a wand of clouds (6)
Scrolls
 d - a scroll of amnesia
 h - 6 scrolls of teleportation
 j - 2 scrolls of fear
 l - 6 scrolls of remove curse
 n - 7 scrolls of identify
 y - a scroll of blinking
 E - a scroll of enchant armour
 I - a scroll of silence
 J - a scroll of fog
 K - a scroll of brand weapon {unknown}
Potions
 g - a potion of berserk rage
 k - a potion of lignification
 s - a potion of might
 t - a potion of brilliance
 u - a potion of cancellation
 C - a potion of mutation
Miscellaneous
 z - a sack of spiders
Comestibles
 c - 14 rations


   Skills:
 + Level 7.9 Fighting
 * Level 10.7 Maces & Flails
 + Level 9.0 Armour
 + Level 3.4 Dodging
 + Level 2.2 Evocations


You had 10 spell levels left.
You didn't know any spells.

Dungeon Overview and Level Annotations

Branches:
Dungeon (9/15)             Temple (0/1) D:7
   Lair: D:8-11         Orc: D:9-12

Altars:
Elyvilon
Fedhas
Gozag
Makhleb
Nemelex Xobeh
Okawaru
Xom
Zin

Shops:
D:7 [

Annotations:
D:2 1 runed door
D:8 exclusion: 2 oklob saplings


Innate Abilities, Weirdness & Mutations

You are small and have problems with some larger weapons.
You are somewhat resistant to further mutation.
You have a pair of small horns on your head.
You have sharp toenails.


Message History

The oklob sapling spits acid at you. The splash of acid hits you! You resist.
* * * LOW HITPOINT WARNING * * *
You are splashed with acid!
The acid burns!
You resist.
* * * LOW HITPOINT WARNING * * *
Unknown command.
Okay, then.
Unknown command.
A red film seems to cover your vision as you go berserk!
You feel yourself moving faster!
You feel mighty!
You are starving!
You feel a strong urge to attack something.
The oklob sapling spits acid at you. The splash of acid hits you! You resist.
* * * LOW HITPOINT WARNING * * *
You are splashed with acid!
The acid burns!
You resist.
* * * LOW HITPOINT WARNING * * *
The oklob sapling spits acid at you. The splash of acid hits you! You resist.
You die...

#...........♣♣♣≈!P♣ ♣≈♣♣♣♣.......
#.......#♣♣♣♣≈PP≈P♣ ♣...########
#........♣♣♣≈≈≈≈≈≈♣♣♣♣.....#>..≈#
####.#...♣≈≈≈P≈≈.♣♣≈.|..#..#..^.#
#.#†..♣.≈≈≈≈≈≈≈♣≈.......≈..^!#
####......♣≈≈≈≈≈≈≈♣#....#.^#...^#
..........♣≈≈≈≈≈≈≈≈).......#...≈#
###.###...♣♣≈≈≈≈≈≈♣#.....### ####
#.# #...♣.♣♣♣≈@♣♣≈≈≈≈≈..♣ #.#
#.≈≈♣.♣_.≈≈♣≈≈≈≈≈≈♣♣.♣ #.#
##≈≈♣♣(♣≈♣♣♣♣♣≈≈≈≈≈♣P.♣ #.#
##≈≈.♣♣♣♣ ♣♣≈≈≈≈♣♣.♣ ###.# #♣♣♣♣
###(≈≈♣ ....# ##.#♣ ##### #†#
#(######## #.........


You could see 2 oklob saplings.

Vanquished Creatures
  An unseen horror (D:7)
  An orc knight (Bailey)
  The ghost of kajmaj the Conjurer, a novice DrCj of Vehumet (D:5)
  2 hornets (D:8)
  Prince Ribbit (D:5)
  A hippogriff (D:7)
  Sigmund (D:3)
  The ghost of Faustar the Firebug, an amateur TeFE (D:3)
  2 hungry ghosts
  A water moccasin (D:8)
  9 orc warriors (Bailey)
  2 ice beasts
  2 sky beasts
  A black bear (D:8)
  A necrophage (D:7)
  4 ogres
  2 centaurs
  7 bullfrogs
  A scorpion (D:4)
  3 wights (D:8)
  3 crimson imps
  A bullfrog zombie (D:7)
  A centaur zombie (D:8)
  2 hounds (D:8)
  A quasit (D:7)
  5 jellies
  9 orc wizards
  A bullfrog skeleton (D:4)
  3 iguanas
  4 orc priests
  6 worker ants
  2 hound skeletons (D:7)
  A worker ant zombie (D:8)
  Robin (D:3)
  12 adders
  A shadow imp (D:8)
  5 oozes (D:8)
  3 adder skeletons
  2 worms
  4 dart slugs
  4 leopard geckos
  51 orcs
  6 ball pythons (D:8)
  11 bats
  5 giant cockroaches
  9 goblins
  6 hobgoblins
  12 jackals
  8 kobolds
  2 quokkas
  7 frilled lizards
  A leopard gecko zombie (D:5)
  A quokka skeleton (D:8)
  6 rats
  4 plants (D:8)
244 creatures vanquished.

Vanquished Creatures (others)
  An orc warrior (Bailey)
  2 orcs (Bailey)
  A goblin (D:3)
  3 plants (D:8)
7 creatures vanquished.

Grand Total: 251 creatures vanquished

Notes
Turn   | Place    | Note
-------+----------+-------------------------------------------
     0 | D:1      | Jannitor the Halfling Berserker began the quest for the Orb.
     0 | D:1      | Reached XP level 1. HP: 15/15 MP: 1/1
   111 | D:1      | You fall through a shaft!
   157 | D:2      | Reached XP level 2. HP: 20/20 MP: 2/2
   249 | D:2      | Reached skill level 3 in Maces & Flails
   305 | D:2      | Reached XP level 3. HP: 21/26 MP: 3/3
   536 | D:2      | Found a runed door.
   722 | D:2      | Reached XP level 4. HP: 31/31 MP: 4/4
   724 | D:2      | You fall through a shaft for 2 floors!
   867 | D:4      | Reached skill level 4 in Maces & Flails
   867 | D:4      | Reached XP level 5. HP: 36/36 MP: 5/5
  1049 | D:3      | Noticed Sigmund
  1072 | D:3      | Killed Sigmund
  1072 | D:3      | Reached XP level 6. HP: 43/43 MP: 6/6
  1179 | D:3      | Reached skill level 5 in Maces & Flails
  1676 | D:1      | Reached ** piety under Trog
  2124 | D:1      | Reached XP level 7. HP: 48/48 MP: 7/7
  2621 | D:3      | Noticed Faustar's ghost (amateur TeFE)
  2633 | D:3      | Killed Faustar's ghost
  2816 | D:3      | Noticed Robin
  2850 | D:3      | Killed Robin
  3358 | D:3      | Found a white marble altar of Elyvilon.
  3619 | D:3      | Reached *** piety under Trog
  3621 | D:3      | Reached XP level 8. HP: 30/54 MP: 8/8
  3829 | D:3      | Found an iron altar of Okawaru.
  3830 | D:3      | Found a shimmering altar of Xom.
  4048 | D:4      | Reached skill level 6 in Maces & Flails
  4048 | D:4      | Reached skill level 5 in Armour
  4415 | D:5      | Entered Level 5 of the Dungeon
  4431 | D:5      | Found an opulent altar of Gozag.
  4465 | D:5      | Noticed Prince Ribbit
  4502 | D:5      | Reached skill level 5 in Fighting
  4824 | D:5      | Killed Prince Ribbit
  4824 | D:5      | Reached skill level 7 in Maces & Flails
  5148 | D:5      | Noticed kajmaj's ghost (novice DrCj)
  5160 | D:5      | Killed kajmaj's ghost
  5160 | D:5      | Reached XP level 9. HP: 52/62 MP: 9/9
  5643 | D:6      | Reached **** piety under Trog
  5946 | D:7      | Reached skill level 8 in Maces & Flails
  6159 | D:7      | Found a staircase to the Ecumenical Temple.
  6220 | D:7      | Found a burning altar of Makhleb.
  6280 | D:7      | Killed an unseen horror
  6280 | D:7      | Reached skill level 9 in Maces & Flails
  6280 | D:7      | Reached XP level 10. HP: 19/69 MP: 10/10
  6552 | D:7      | Found Daretiph's Armour Shoppe.
  6560 | D:7      | Bought a +4 chain mail of fire resistance for 378 gold pieces
  6834 | D:7      | Found a glowing silver altar of Zin.
  6835 | D:7      | Found an opulent altar of Gozag.
  7955 | D:8      | Reached skill level 10 in Maces & Flails
  8230 | D:8      | Gained mutation: You have sharp toenails. [potion of mutation]
  8230 | D:8      | Gained mutation: You have a pair of small horns on your head. [potion of mutation]
  8238 | D:8      | Reached ***** piety under Trog
  8450 | D:9      | Found a sparkling altar of Nemelex Xobeh.
  8508 | D:9      | Found a flagged portal.
  8517 | Bailey   | Entered a bailey
  9104 | Bailey   | Reached skill level 1 in Evocations
  9376 | Bailey   | Reached XP level 11. HP: 71/76 MP: 11/11
  9456 | Bailey   | Noticed an orc knight
  9487 | Bailey   | Killed an orc knight
  9491 | Bailey   | Identified the Collected Works on Feathery Talismans
 10119 | D:8      | Found a blossoming altar of Fedhas.
 10881 | D:8      | HP: 3/115 [acid (5)]
 10881 | D:8      | Killed from afar by an oklob sapling

Skill      XL: |  1  2  3  4  5  6  7  8  9 10 11 |
---------------+----------------------------------+-----
Maces & Flails | 3 4 5 7 9 10 | 10.7
Fighting       | 3 4 5 6 7 |  7.9
Armour         | 3 4 6 7 8 9 |  9.0
Evocations     | 1 2 |  2.2
Dodging        | 3 |  3.4

Action                   |  1- 3 |  4- 6 |  7- 9 | 10-12 || total
-------------------------+-------+-------+-------+-------++-------
Melee: Mace              |    56 |   116 |   102 |    15 ||   289
       Flail             |       |       |   331 |   345 ||   676
       Kick              |       |       |       |    67 ||    67
       Headbutt          |       |       |       |    35 ||    35
 Fire: Arbalest          |       |       |       |    29 ||    29
Invok: Berserk           |     1 |     5 |     9 |     5 ||    20
       Trog's Hand       |       |       |     5 |     1 ||     6
       Burn Spellbooks   |       |       |       |     1 ||     1
Evoke: Wand              |       |       |     2 |     3 ||     5
       Sack of spiders   |       |       |       |     1 ||     1
  Use: Potion            |       |     4 |     2 |     7 ||    13
       Scroll            |       |       |       |    12 ||    12
 Stab: Confused          |       |       |       |     3 ||     3
  Eat: Ration            |       |     1 |     3 |     2 ||     6
       Chunk             |       |     6 |    17 |    14 ||    37
Armor: Animal skin       |     1 |       |       |       ||     1
       Chain mail        |    35 |    75 |   271 |   114 ||   495
       Skin              |       |       |       |     6 ||     6
Dodge: Dodged            |    31 |    89 |   221 |   144 ||   485
Block: Other             |       |       |    22 |    36 ||    58
       Reflection        |       |       |       |     5 ||     5
